 Dungeon Crawl Stone Soup version 0.24-a0-373-g39439d866b (webtiles) character file.

Game seed: 17379871713713323013

9876 theanonym the Fencer (level 11, -2/78 HPs)
             Began as a Merfolk Berserker on May 30, 2019.
             Was an Elder of Trog.
             Slain by Snorg (16 damage)
             ... on level 10 of the Dungeon.
             The game lasted 00:20:09 (11362 turns).

theanonym the Fencer (Merfolk Berserker)           Turns: 11362, Time: 00:20:09

Health: -2/78      AC: 18    Str: 18    XL:     11   Next: 53%
Magic:  11/11      EV: 11    Int:  6    God:    Trog [****..]
Gold:   437        SH:  0    Dex: 17    Spells: 10/10 levels left

rFire    . . .     SeeInvis .   a - +0 great sword
rCold    . . .     Gourm    .   (shield currently unavailable)
rNeg     + . .     Faith    .   i - +0 plate armour
rPois    .         Spirit   .   x - +2 helmet
rElec    .         Reflect  .   o - +2 cloak {+Inv}
rCorr    .         Harm     .   c - +0 pair of gloves
MR       .....                  (no boots)
Stlth    ..........             (no amulet)
HPRegen  0.23/turn              v - ring of positive energy
MPRegen  0.12/turn              y - +5 ring of evasion

@: berserk cooldown, very slightly contaminated, slowed, very slow
A: change form in water, swift swim, stealthy swim
a: Berserk, Trog's Hand, Brothers in Arms, Renounce Religion, Evoke Invisibility


   Skills:
 + Level 4.5 Fighting
 * Level 17.7 Long Blades
 + Level 2.5 Armour
 - Level 2.6 Dodging


You had 10 spell levels left.
You didn't know any spells.
Your spell library contained the following spells:

 Spells                   Type           Power        Failure   Level  Hunger
 Flame Tongue             Conj/Fire      #....        100%        1    ##.....
 Sandblast                Erth           #.....       100%        1    ##.....
 Passwall                 Tmut/Erth      #.......     100%        2    ###....
 Throw Flame              Conj/Fire      #.....       100%        2    ###....
 Conjure Flame            Conj/Fire      #.......     100%        3    ####...
 Inner Flame              Hex/Fire       #.......     100%        3    ####...
 Stone Arrow              Conj/Erth      #.....       100%        3    ####...
 Cause Fear               Hex            #.........   100%        4    #####..
 Petrify                  Tmut/Erth      #.......     100%        4    #####..
 Sticky Flame             Conj/Fire      #.......     100%        4    #####..
 Fireball                 Conj/Fire      #.........   100%        5    ######.
 Lee's Rapid Deconstruct  Erth           #.........   100%        5    ######.
 Silence                  Hex/Air        #.........   100%        5    ######.
 Yara's Violent Unravell  Hex/Tmut       #.........   100%        5    ######.
 Deflect Missiles         Chrm/Air       #.........   100%        6    #######
 Discord                  Hex            #.........   100%        8    #######

Skill      XL: |  1  2  3  4  5  6  7  8  9 10 11 |
---------------+----------------------------------+-----
Long Blades    | 4 5 7 8 10 12 14 16 17 | 17.7
Armour         | 2 |  2.5
Fighting       | 4 |  4.5
Dodging        | |  2.6

Action                   |  1- 3 |  4- 6 |  7- 9 | 10-12 || total
-------------------------+-------+-------+-------+-------++-------
Melee: Falchion          |    91 |    99 |       |       ||   190
       Long sword        |       |    36 |   360 |       ||   396
       Unarmed           |       |       |     4 |       ||     4
       Great sword       |       |       |    39 |   331 ||   370
       Tailslap          |       |       |       |     1 ||     1
Throw: Throwing net      |       |       |       |     1 ||     1
Invok: Berserk           |     1 |     3 |     9 |    12 ||    25
       Trog's Hand       |       |     1 |     2 |     4 ||     7
Evoke: Wand              |       |       |       |     2 ||     2
  Use: Scroll            |       |     3 |    18 |     3 ||    24
       Potion            |       |       |     2 |     2 ||     4
  Eat: Chunk             |     1 |     3 |    18 |    19 ||    41
       Ration            |       |     2 |     4 |     1 ||     7
Armor: Animal skin       |     5 |       |       |       ||     5
       Plate armour      |    33 |    80 |   209 |   185 ||   507
Dodge: Dodged            |    49 |    37 |   124 |   196 ||   406
       Rpst.: Falchion   |    16 |     9 |       |       ||    25
       Long sword        |       |     4 |    30 |       ||    34
       Great sword       |       |       |     6 |    67 ||    73

Inventory:

Hand Weapons
 a - a +0 great sword (weapon)
 b - a +3 scimitar of flaming
Missiles
 D - a throwing net (quivered)
Armour
 c - a +0 pair of gloves (worn)
 i - a +0 plate armour (worn)
 o - a +2 cloak of invisibility (worn)
 x - a +2 helmet (worn)
Jewellery
 v - a ring of positive energy (left hand)
 y - a +5 ring of evasion (right hand)
 C - an uncursed ring of protection from fire
Wands
 d - a wand of digging (3)
 g - a wand of iceblast (25)
 u - a wand of polymorph (9)
 w - a wand of flame (14)
Scrolls
 f - 4 scrolls of fog
 k - 3 scrolls of immolation
 n - 2 scrolls of remove curse
 r - 3 scrolls of identify
 t - 6 scrolls of teleportation
 A - a scroll of vulnerability {unknown}
Potions
 h - 5 potions of haste
 j - 3 potions of agility
 l - 2 potions of berserk rage
 m - a potion of might
 p - a potion of invisibility
 q - a potion of heal wounds
 s - a potion of flight
Comestibles
 e - 17 rations
 z - 12 chunks of flesh


You were on level 10 of the Dungeon.
You worshipped Trog.
Trog was greatly pleased with you.
You were very hungry.

You visited 1 branch of the dungeon, and saw 10 of its levels.

You collected 571 gold pieces.
You spent 134 gold pieces at shops.

Dungeon Overview and Level Annotations

Branches:
Dungeon (10/15)            Temple (0/1) D:7            Lair (0/6) D:10
    Orc: D:9-12

Altars:
Dithmenos

Shops:
D:7 =(?*   D:9 :

Annotations:
D:10 Snorg

#..≈≈#'#≈≈#'#≈≈#..
####+.≈≈#P#≈≈#P#≈≈...
#######.....≈≈###≈≈###≈≈##.
#.....#.....≈≈≈≈≈≈≈≈≈≈≈≈.+.
#.....#.....≈≈≈≈≈≈≈≈≈≈≈≈.#. #.
#.....#.....≈≈###≈≈#'#≈≈.#. #..
#....#.....≈≈# +≈≈#P#≈≈+##
#.o###....######≈≈###≈≈###≈≈..#
#..........§..@.#≈≈≈≈≈≈≈≈≈≈...#
#............T..#.≈≈≈≈≈≈≈≈###.#
#...............#..######## #.#
#...............#..# #.#
#...............#..##########[#
.#######'#########...........).#
...............................#
...............................#
##......##.......###...#........


You could see Snorg (berserk).

Notes
Turn   | Place    | Note
-------+----------+-------------------------------------------
     0 | D:1      | theanonym the Merfolk Berserker began the quest for the
                  | Orb.
     0 | D:1      | Reached XP level 1. HP: 18/18 MP: 1/1
   274 | D:1      | Reached XP level 2. HP: 18/24 MP: 2/2
   389 | D:1      | Reached skill level 4 in Long Blades
   843 | D:2      | Found a faded altar of an unknown god.
   854 | D:2      | Reached ** piety under Trog
   945 | D:2      | Reached XP level 3. HP: 29/29 MP: 3/3
  1220 | D:2      | HP: 21/43 [worm (1)]
  1221 | D:2      | Reached skill level 5 in Long Blades
  1226 | D:2      | HP: 14/43 [gnoll/+0 whip (5)]
  1229 | D:2      | Reached XP level 4. HP: 17/35 MP: 4/4
  1503 | D:2      | Noticed Sigmund
  1516 | D:2      | Killed Sigmund
  1516 | D:2      | Reached skill level 7 in Long Blades
  1516 | D:2      | Reached XP level 5. HP: 41/41 MP: 5/5
  1516 | D:2      | Reached XP level 6. HP: 47/47 MP: 6/6
  1529 | D:2      | theanonym: !stats mfbe
  2021 | D:3      | beem: Starting stats for MfBe: Str 17 Int 6 Dex 13. Stat
                  | gain: sid/5
  2626 | D:4      | Reached skill level 8 in Long Blades
  2628 | D:4      | HP: 23/47 [poisoned by a worker ant]
  2635 | D:4      | HP: 21/47 [poisoned by a worker ant]
  2641 | D:3      | HP: 20/47 [poisoned by a worker ant]
  2649 | D:3      | HP: 19/47 [poisoned by a worker ant]
  3103 | D:4      | Reached XP level 7. HP: 52/52 MP: 7/7
  3144 | D:4      | Noticed Robin
  3186 | D:4      | Reached *** piety under Trog
  3203 | D:4      | Killed Robin
  3266 | D:4      | Reached skill level 9 in Long Blades
  3625 | D:4      | Noticed Duvessa
  3627 | D:4      | Noticed Dowan
  3638 | D:4      | Killed Duvessa
  3653 | D:4      | HP: 26/52 [Dowan/+1 dagger of holy wrath (6)]
  3682 | D:4      | Killed Dowan
  4194 | D:5      | Entered Level 5 of the Dungeon
  4207 | D:5      | HP: 26/52 [centaur zombie (3)]
  4217 | D:5      | HP: 24/52 [quokka skeleton (3)]
  4323 | D:5      | Reached skill level 10 in Long Blades
  4374 | D:5      | Noticed a hungry ghost
  4392 | D:5      | Killed a hungry ghost
  4392 | D:5      | Reached XP level 8. HP: 58/58 MP: 8/8
  4549 | D:5      | HP: 27/58 [phantom (6)]
  4982 | D:5      | Reached skill level 11 in Long Blades
  5110 | D:5      | theanonym: !lg . mf
  5110 | D:5      | beem: 14. theanonym the Changer (L5 MfTm), slain by an orc
                  | (a +0 club) on D:4 on 2017-12-11 20:27:00, with 170 points
                  | after 3698 turns and 0:06:43.
  5110 | D:5      | theanonym: !lg . mf -2
  5110 | D:5      | beem: 13/14. theanonym the Merfolkian Blade (L25 MfBe of
                  | Trog), demolished by an eldritch tentacle (called by the
                  | power of Zot) on Depths:4 (gammafunk_its_a_trap) on
                  | 2017-12-04 21:57:48, with 497092 points after 66154 turns
                  | and 3:03:52.
  5110 | D:5      | theanonym: !lg . mf -2 -log
  5110 | D:5      | beem: 13/14. theanonym, XL25 MfBe, T:66154:
                  | https://crawl.xtahua.com/crawl/morgue/theanonym/morgue-thea
                  | nonym-20171204-215748.txt
  5167 | D:5      | Noticed Blork the orc
  5182 | D:5      | Killed Blork the orc
  5414 | D:5      | Found a runed translucent door.
  5415 | D:5      | Noticed Crazy Yiuf
  5818 | D:5      | Killed Crazy Yiuf
  6009 | D:6      | Reached skill level 12 in Long Blades
  6208 | D:6      | Reached XP level 9. HP: 57/64 MP: 9/9
  6579 | D:7      | Noticed Joseph
  6603 | D:7      | Killed Joseph
  6820 | D:7      | Reached skill level 13 in Long Blades
  6831 | D:7      | Reached **** piety under Trog
  6986 | D:7      | Found Jinnel's Assorted Antiques.
  7140 | D:7      | Bought a scroll labeled FIESEOCUSIR for 24 gold pieces
  7246 | D:7      | Found Ysawes's Magic Scroll Shop.
  7248 | D:7      | Found Yfirhyek's Weapon Shoppe.
  7249 | D:7      | Found Nizonlaor's Jewellery Shoppe.
  7254 | D:7      | Bought a scroll of identify for 26 gold pieces
  7260 | D:7      | Bought a +0 great sword for 84 gold pieces
  7353 | D:7      | Found a staircase to the Ecumenical Temple.
  7815 | D:8      | Noticed Psyche
  7826 | D:8      | HP: 43/96 [Psyche/+4 dagger of chaos (11)]
  7829 | D:8      | Killed Psyche
  7829 | D:8      | Reached skill level 14 in Long Blades
  7833 | D:8      | HP: 22/64 [iguana (1)]
  8079 | D:8      | Reached XP level 10. HP: 70/70 MP: 10/10
  8216 | D:8      | Reached skill level 15 in Long Blades
  8505 | D:8      | Noticed Erica
  8520 | D:8      | Killed Erica
  8751 | D:8      | Reached ***** piety under Trog
  8961 | D:9      | Reached skill level 16 in Long Blades
  8972 | D:9      | Received a gift from Trog
  9088 | D:9      | Found a shadowy altar of Dithmenos.
  9181 | D:9      | Found Gagaqycw's Book Emporium.
  9221 | D:9      | Reached XP level 11. HP: 64/75 MP: 11/11
  9234 | D:9      | Reached skill level 17 in Long Blades
  9235 | D:9      | HP: 34/75 [yak (4)]
  9820 | D:10     | Entered Level 10 of the Dungeon
  9893 | D:10     | HP: 36/75 [electric eel/bolt of electricity (8)]
 10161 | D:10     | Found a staircase to the Lair.
 10174 | D:10     | HP: 48/112 [orc priest/divine providence (14)]
 10179 | D:10     | HP: 37/112 [poisoned by a soldier ant]
 10183 | D:10     | HP: 15/75 [poisoned by a soldier ant]
 10188 | D:10     | HP: 7/75 [poisoned by a soldier ant]
 10193 | D:10     | HP: 5/75 [poisoned by a soldier ant]
 10480 | D:10     | Noticed Fannar
 10506 | D:10     | HP: 33/75 [Fannar/uncursed staff of cold (11)]
 10510 | D:10     | HP: 16/75 [ice beast[Fannar] (5)]
 10515 | D:9      | HP: 12/75 [kobold/+2 short sword of holy wrath (1)]
 10694 | D:10     | Killed Fannar
 10776 | D:10     | Reached skill level 2 in Armour
 10820 | D:10     | Reached skill level 4 in Fighting
 11198 | D:10     | Noticed Harold
 11228 | D:10     | Killed Harold
 11344 | D:10     | Noticed Snorg
 11353 | D:10     | HP: 52/117 [Snorg (7)]
 11356 | D:10     | HP: 21/117 [Snorg (7)]
 11361 | D:10     | HP: 13/78 [something (1)]
 11362 | D:10     | Slain by Snorg

Vanquished Creatures
  Harold (D:10)
  Fannar (D:10)
  Erica (D:8)
  Joseph (D:7)
  Psyche (D:8)
  A centaur skeleton (D:8)
  A komodo dragon (D:10)
  A troll (D:10)
  2 hippogriffs
  Sigmund (D:2)
  13 yaks (D:9)
  A wyvern (D:9)
  2 hungry ghosts
  A soldier ant (D:10)
  A water moccasin (D:8)
  Duvessa (D:4)
  An ice beast (D:5)
  An orc warrior (D:10)
  A sky beast (D:8)
  A phantom (D:5)
  A necrophage (D:8)
  4 ogres
  A centaur (D:10)
  A big kobold (D:9)
  2 bullfrogs (D:9)
  Blork the orc (D:5)
  Dowan (D:4)
  A scorpion (D:4)
  3 killer bees (D:8)
  5 wights (D:9)
  2 electric eels
  A howler monkey (D:8)
  7 crimson imps
  2 bullfrog zombies
  2 centaur zombies
  8 orc wizards
  8 hounds
  5 jellies
  5 orc priests
  Crazy Yiuf (D:5)
  5 iguanas
  8 worker ants
  A hound zombie (D:7)
  2 hound skeletons
  Robin (D:4)
  9 adders
  3 gnolls (D:2)
  2 shadow imps
  2 adder skeletons
  3 worms
  3 leopard geckos
  32 orcs
  4 giant cockroaches
  16 goblins
  4 hobgoblins
  2 jackals (D:3)
  7 quokkas
  A ball python (D:3)
  6 bats
  2 frilled lizards
  A jackal zombie (D:8)
  11 kobolds
  A quokka skeleton (D:5)
  4 rats
225 creatures vanquished.

Vanquished Creatures (others)
  A kobold (D:10)
1 creature vanquished.

Grand Total: 226 creatures vanquished

Table legend:
 A = Turns spent in this place as a percentage of turns spent in the entire game.
 B = Non-inter-level travel turns spent in this place as a percentage of non-inter-level travel turns spent in the entire game.
 C = Inter-level travel turns spent in this place as a percentage of turns spent in this place.
 D = Turns resting spent in this place as a percentage of non-inter-level travel turns spent in this place.
 E = Turns spent auto-exploring this place as a percentage of non-inter-level travel turns spent in this place.
 F = Non-inter-level travel turns spent in this place divided by the number of levels of this place that you've seen.
                   A       B       C       D       E      F
               +-------+-------+-------+-------+-------+----------------------
         Total | 100.0 | 100.0 |   2.7 |  34.2 |  49.5 | 1105.8
       Dungeon | 100.0 | 100.0 |   2.7 |  34.2 |  49.5 | 1105.8
               +-------+-------+-------+-------+-------+----------------------
